 Dungeon Crawl Stone Soup version 0.24-a0-613-g1ff6aac338 (webtiles) character file.

Game seed: 4554257576556411718, levelgen mode: deterministic

9874 Htamos the Fighter (level 11, -5/75 HPs)
             Began as a Gargoyle Chaos Knight on Sept 10, 2019.
             Was a Plaything of Xom.
             Slain by a vampire (9 damage)
             ... on level 10 of the Dungeon.
             The game lasted 00:55:14 (15666 turns).

Htamos the Fighter (Gargoyle Chaos Knight)         Turns: 15666, Time: 00:55:15

Health: -5/75      AC: 15    Str: 14 (18) XL:     11   Next: 53%
Magic:  11/11      EV: 18    Int: 10 (11) God:    Xom [....*.]
Gold:   481        SH:  8    Dex: 12 (15) Spells: 10/10 levels left

rFire    . . .     SeeInvis .   a - +1 hand axe (chaos)
rCold    + . .     Gourm    .   F - +1 shield
rNeg     + . .     Faith    .   y - +2 leather armour of Wasted Space {rC+}
rPois    ∞         Spirit   .   C - +0 hat
rElec    +         Reflect  .   G - +0 cloak
rCorr    .         Harm     .   (no gloves)
MR       .....     Rnd*Tele +   (no boots)
Stlth    ++........             (no amulet)
HPRegen  0.22/turn              (no ring)
MPRegen  0.12/turn              (no ring)

@: agile
A: fangs 1, rugged brown scales 1, blurry vision 1, deformed body, dopey 1,
negative energy resistance 1, electricity resistance, teleportitis 1,
unbreathing, petrification resistance, rot immunity, sturdy frame 1, AC +8
a: Renounce Religion


You were on level 10 of the Dungeon.
You worshipped Xom.
You were a beloved toy of Xom.
You were hungry.

You visited 1 branch of the dungeon, and saw 11 of its levels.
You visited the Abyss 1 time.
You also visited: Ossuary.

You collected 481 gold pieces.

Inventory:

Hand Weapons
 a - a +1 hand axe of chaos (weapon)
 n - a +2 hand axe of flaming
 L - a +3 mace
Missiles
 i - 5 silver javelins (quivered)
 p - 43 poisoned darts
 u - 39 bolts
Armour
 b - a +2 leather armour
 v - a +0 ring mail
 y - the +2 leather armour of Wasted Space (worn) {rC+}
   (You found it on level 4 of the Dungeon)

   It protects you from cold.
 C - a +0 hat (worn)
 F - a +1 shield (worn)
 G - a +0 cloak (worn)
 I - a +0 chain mail
 J - the +1 scale mail of the Disturbing Dreams {+Blink rC+ rCorr Str-4}
   (You took it off a wight on level 6 of the Dungeon)

   It affects your strength (-4).
   It protects you from cold.
   It lets you blink.
   It provides partial protection from all sources of acid and corrosion.
Jewellery
 d - an uncursed ring of ice {unknown}
 H - an uncursed ring of wizardry
 K - a +3 ring of protection {unknown}
Wands
 e - a wand of enslavement (10)
 x - a wand of flame (26)
Scrolls
 h - a scroll of enchant armour
 k - a scroll of fear
 l - 8 scrolls of identify {@rr}
 m - 6 scrolls of teleportation
 q - a scroll of noise
 s - a scroll of remove curse
Potions
 f - a potion of cancellation {unknown}
 g - a potion of brilliance
 j - a potion of flight {unknown}
 r - a potion of agility
 w - a potion of berserk rage {unknown}
 z - 3 potions of lignification
 A - 2 potions of degeneration
 B - a potion of haste
 D - a potion of resistance {unknown}
 M - a potion of magic {unknown}
Comestibles
 c - 19 rations
 o - 13 chunks of flesh


   Skills:
 + Level 10.3 Fighting
 + Level 8.7 Axes
 + Level 10.0 Armour
 + Level 7.5 Dodging


You had 10 spell levels left.
You didn't know any spells.
Your spell library contained the following spells:

 Spells                   Type           Power        Failure   Level  Hunger
 Infusion                 Chrm           #...         95%         1    ##.....
 Shroud of Golubria       Chrm/Tloc      #.....       99%         2    ###....
 Song of Slaying          Chrm           #.......     99%         2    ###....
 Regeneration             Chrm/Necr      #.........   100%        3    ####...
 Spectral Weapon          Hex/Chrm       #.......     100%        3    ####...


Dungeon Overview and Level Annotations

Branches:
Dungeon (11/15)            Temple (0/1) D:6            Lair (0/6) D:10
Ossuary (visited)
    Orc: D:9-12

Altars:
Elyvilon
Hepliaklqana
Okawaru
Ru
Uskayaw
Vehumet
Wu Jian
Xom
Zin

Shops:
D:7 %   D:8 :

Annotations:
D:5 exclusion: downstairs, Duvessa


Innate Abilities, Weirdness & Mutations

You are resistant to torment.
Your stone body is resilient. (AC +8)
You are immune to poison.
You resist negative energy. (rN+)
You are resistant to electric shocks. (rElec)
You can survive without breathing.
You are immune to petrification.
You are immune to rotting.
You have very sharp teeth.
You are partially covered in rugged brown scales. (AC +1, +3% HP)
Scrolls take you a little longer to read.
Armour fits poorly on your strangely shaped body.
You are dopey. (Int -2)
You are occasionally teleported next to monsters.
Your movements are slightly less encumbered by armour. (ER -2)


Message History

The mass of ice explodes!
The iceblast engulfs something!
The now-empty wand crumbles to dust.
Something hits you!
* * * LOW HITPOINT WARNING * * *
Something bites you.
* * * LOW HITPOINT WARNING * * *
Unknown command.
Okay, then.
Okay, then.
Evoke which item? (* to show all) (? for menu, Esc to quit)
You don't have any such object.
Evoke which item? (* to show all) (? for menu, Esc to quit)
Okay, then.
Evoke which item? (* to show all) (? for menu, Esc to quit)
Okay, then.
You hit something.
Xom thinks this is hilarious!
Nothing appears to happen.
Something barely misses you. Something bites you but does no damage.
You hit something but do no damage. Something hits you!
You die...

#################################
.................<...............
........##..##...................
...###..##..##.........#####.....
...# #..##..##.........# #.....
...# #..##..##.........# #.....
...# #..##..##.........# #.....
...# #..##..##...).....#####.....
...###......##..@{........^......
............##...#####...........
.......####......# #...........
#...##÷# #......# #.†[†.......
#...##.# #......# #..>........
#...##.# #......# #.†[).......
#...##.# #......# #...........
#...##.####......#####...........
#...##...........................


There were no monsters in sight!

Vanquished Creatures
  A two-headed ogre (D:9)
  A spiny frog (shapeshifter) (D:8)
  Grinder (D:3)
  4 slime creatures (D:9)
  A wraith (D:9)
  A tarantella (shapeshifter) (D:9)
  4 yaks
  A wyvern (D:10)
  2 hogs (D:9)
  2 humans (D:9)
  A hungry ghost (D:9)
  An acid dragon (D:10)
  A water moccasin (D:7)
  2 ice beasts
  4 orc warriors
  A phantom (D:6)
  2 sky beasts
  2 ogres
  7 centaurs
  2 big kobolds
  A gnoll sergeant (D:10)
  8 bullfrogs
  2 wyvern skeletons (D:10)
  Dowan (D:5)
  6 scorpions
  16 killer bees
  8 wights
  7 crimson imps
  A howler monkey (D:10)
  A bullfrog zombie (D:8)
  6 hounds
  3 jellies
  A centaur skeleton (D:7)
  3 bullfrog skeletons
  A human zombie (Ossuary)
  2 orc priests (D:8)
  Crazy Yiuf (D:3)
  2 iguanas
  8 worker ants
  16 orc wizards
  2 big kobold zombies (Ossuary)
  A hound zombie (D:9)
  2 mummies (Ossuary)
  7 gnolls
  9 adders
  2 shadow imps
  An adder skeleton (D:8)
  A worm (D:3)
  A dart slug (D:1)
  3 leopard geckos
  40 orcs
  6 bats
  8 giant cockroaches
  5 hobgoblins
  6 jackals
  15 kobolds
  5 quokkas
  3 frilled lizards
  8 goblins
  A goblin zombie (Ossuary)
  12 hobgoblin zombies (Ossuary)
  A jackal skeleton (D:7)
  A jackal zombie (Ossuary)
  13 kobold zombies (Ossuary)
  5 orc zombies (Ossuary)
  A quokka skeleton (D:7)
  5 rats
  A plant (D:1)
300 creatures vanquished.

Vanquished Creatures (collateral kills)
  An orc warrior (D:5)
  2 ogres
  2 orc wizards (D:5)
  2 worker ants
  A gnoll (D:10)
  An adder zombie (Ossuary)
  An orc (D:5)
  A kobold zombie (Ossuary)
11 creatures vanquished.

Vanquished Creatures (others)
  A harpy (D:9)
  A human zombie (Ossuary)
  An orc wizard (D:8)
  A hound skeleton (D:9)
  3 orcs (D:5)
7 creatures vanquished.

Grand Total: 318 creatures vanquished

Notes
Turn   | Place    | Note
-------+----------+-------------------------------------------
     0 | D:1      | Htamos the Gargoyle Chaos Knight began the quest for the
                  | Orb.
     0 | D:1      | Reached XP level 1. HP: 14/14 MP: 1/1
    72 | D:1      | Reached skill level 1 in Dodging
    75 | D:1      | Reached XP level 2. HP: 19/19 MP: 2/2
   101 | D:1      | XOM: smoke on damage
   901 | D:2      | Reached XP level 3. HP: 12/23 MP: 3/3
  1561 | D:2      | XOM: cloud trail
  1700 | D:2      | Found a glowing silver altar of Zin.
  1786 | D:3      | Found a shimmering altar of Xom.
  1808 | D:3      | Found a shimmering altar of Xom.
  1811 | D:3      | Found a shimmering altar of Xom.
  1811 | D:3      | Found a shimmering altar of Xom.
  1811 | D:3      | Found a shimmering altar of Xom.
  1887 | D:3      | XOM: harmless Fire miscast
  1910 | D:3      | Reached XP level 4. HP: 18/29 MP: 4/4
  1936 | D:3      | XOM: summons 1 hostile demon
  2134 | D:3      | You fall into a shaft and drop 3 floors!
  2134 | D:6      | XOM: summons 1 hostile shadow creature
  2139 | D:5      | Entered Level 5 of the Dungeon
  2215 | D:5      | Noticed a centaur
  2221 | D:5      | Killed a centaur
  2221 | D:5      | Reached XP level 5. HP: 17/33 MP: 5/5
  2235 | D:5      | XOM: harmless Pois miscast
  2239 | D:5      | XOM: fake destruction
  2454 | D:5      | Noticed Duvessa
  2455 | D:5      | Noticed Dowan
  2476 | D:5      | Killed Dowan
  2476 | D:5      | Reached XP level 6. HP: 18/39 MP: 6/6
  2648 | D:5      | XOM: give mutations
  2648 | D:5      | Gained mutation: You do not regenerate when monsters are
                  | visible. [Xom's mischief]
  2648 | D:5      | Lost mutation: You do not regenerate when monsters are
                  | visible. [Xom's mischief]
  2648 | D:5      | Gained mutation: You are frail. (-10% HP) [Xom's mischief]
  2654 | D:5      | XOM: mild Conj miscast
  2681 | D:5      | XOM: cast spell 'Metabolic Englaciation'
  3121 | D:5      | Found a hazy altar of Hepliaklqana.
  3121 | D:5      | Found a radiant altar of Vehumet.
  3252 | D:5      | XOM: divination: detect creatures
  3253 | D:5      | XOM: cleaving
  3259 | D:5      | Reached skill level 5 in Fighting
  3324 | D:5      | Reached XP level 7. HP: 32/39 MP: 7/7
  3443 | D:5      | XOM: god gift: 17 bolts
  3517 | D:5      | XOM: cloud trail
  3898 | D:4      | XOM: scenery: create altars
  3910 | D:4      | XOM: cast spell 'Shadow Creatures'
  3914 | D:4      | XOM: cast spell 'Summon Mana Viper'
  4085 | D:4      | XOM: summons 2 friendly demons
  4098 | D:4      | XOM: cleaving
  4238 | D:4      | XOM: fog
  4338 | D:4      | Found a sand-covered staircase.
  4343 | Ossuary  | Entered an ossuary
  4493 | Ossuary  | Reached skill level 5 in Armour
  4494 | Ossuary  | XOM: smoke on damage
  4545 | Ossuary  | XOM: summons 2 friendly demons
  4559 | Ossuary  | XOM: god gift: runed chain mail {god gift}
  4592 | Ossuary  | XOM: harmless Tmut miscast
  4799 | D:4      | Reached XP level 8. HP: 45/45 MP: 8/8
  4848 | D:4      | Found a white marble altar of Elyvilon.
  4914 | D:4      | Got a smoking leather armour
  4916 | D:4      | Identified the +2 leather armour of Wasted Space {rC+} (You
                  | found it on level 4 of the Dungeon)
  5343 | D:3      | XOM: harmless Hex miscast
  5537 | D:3      | Found an ornate altar of the Wu Jian Council.
  5537 | D:3      | Found a hide-covered altar of Uskayaw.
  5607 | D:3      | XOM: scenery: create altars
  5732 | D:3      | Noticed Grinder
  5746 | D:3      | Paralysed by Grinder for 5 turns
  5762 | D:3      | XOM: enchant monster (good)
  5765 | D:3      | Killed Grinder
  5765 | D:3      | Reached skill level 5 in Axes
  5861 | D:3      | Found a runed translucent door.
  5862 | D:3      | Noticed Crazy Yiuf
  5872 | D:3      | Killed Crazy Yiuf
  5998 | D:3      | XOM: give mutations
  5998 | D:3      | Gained mutation: Your magical capacity is low. (-10% MP)
                  | [Xom's mischief]
  5998 | D:3      | Lost mutation: You are frail. (-10% HP) [Xom's mischief]
  5998 | D:3      | Gained mutation: You are dopey. (Int -2) [Xom's mischief]
  5998 | D:3      | Gained mutation: Scrolls take you a little longer to read.
                  | [Xom's mischief]
  6123 | D:4      | XOM: god gift: shield {god gift}
  6218 | D:5      | XOM: destruction
  6239 | D:5      | XOM: scenery: create altars
  6247 | D:5      | XOM: summons 4 friendly demons
  6447 | D:6      | XOM: cleaving
  6451 | D:5      | XOM: summons 4 friendly demons
  6512 | D:6      | XOM: 2-stop teleportation journey
  6666 | D:6      | XOM: give mutations
  6666 | D:6      | Gained mutation: You are robust. (+10% HP) [Xom's grace]
  6666 | D:6      | Gained mutation: Your movements are slightly less
                  | encumbered by armour. (ER -2) [Xom's grace]
  6666 | D:6      | Gained mutation: You are very robust. (+20% HP) [Xom's
                  | grace]
  6679 | D:6      | XOM: give mutations
  6679 | D:6      | Gained mutation: You are partially covered in rugged brown
                  | scales. (AC +1, +3% HP) [Xom's grace]
  6679 | D:6      | Gained mutation: You have very sharp teeth. [Xom's grace]
  6921 | D:6      | Reached XP level 9. HP: 68/68 MP: 8/8
  6999 | D:6      | XOM: scenery: create altars
  7043 | D:6      | Identified the +1 scale mail of the Disturbing Dreams
                  | {+Blink rC+ rCorr Str-4}
  7075 | D:6      | XOM: confusion (+ monsters)
  7319 | D:6      | Found a staircase to the Ecumenical Temple.
  7526 | D:7      | XOM: give mutation
  7526 | D:7      | Gained mutation: You are occasionally teleported next to
                  | monsters. [Xom's mischief]
  7529 | D:7      | XOM: summons 5 friendly demons
  7650 | D:7      | Reached skill level 5 in Dodging
  7655 | D:7      | XOM: chaos upgrade
  7672 | D:7      | XOM: noise
  7673 | D:7      | XOM: swap monsters
  7706 | D:7      | XOM: harmless Tmut miscast
  8082 | D:7      | Found a sacrificial altar of Ru.
  8162 | D:7      | XOM: harmless Tmut miscast
  8167 | D:7      | Found Daockyab's Food Shoppe.
  8238 | D:7      | XOM: harmless Hex miscast
  8644 | D:8      | Noticed a spiny frog
  8644 | D:8      | a shapeshifter changed into a spiny frog
  8663 | D:8      | Killed a spiny frog
  8908 | D:8      | Reached XP level 10. HP: 70/78 MP: 9/9
  9402 | D:8      | XOM: harmless Tloc miscast
  9433 | D:8      | XOM: potion effect (heal wounds)
  9511 | D:8      | XOM: stat loss: -1 Dex (9/10)
  9973 | D:8      | XOM: medium Tloc miscast
  9973 | D:8      | Cast into level 3 of the Abyss (the severe capriciousness
                  | of Xom)
  9991 | Abyss:3  | Noticed a green very ugly thing
  9992 | Abyss:3  | XOM: cleaving
 10127 | Abyss:4  | Noticed a smoke demon
 10127 | Abyss:4  | a neqoxec changed into a smoke demon
 10127 | Abyss:4  | XOM: polymorph neqoxec -> smoke demon
 10147 | Abyss:5  | Entered Level 5 of the Abyss
 10147 | Abyss:5  | Entered Level 5 of the Abyss
 10163 | Abyss:5  | Noticed a black draconian
 10182 | D:8      | Escaped the Abyss
 10427 | D:8      | XOM: summons friendly crimson imp
 10482 | D:8      | Found Kuriuwk's Book Shoppe.
 10549 | D:8      | XOM: smoke on damage
 10983 | D:9      | XOM: god gift: 49 gold pieces
 11135 | D:9      | XOM: give mutations
 11135 | D:9      | Lost mutation: Your magical capacity is low. (-10% MP)
                  | [Xom's mischief]
 11135 | D:9      | Gained mutation: Your body sometimes deteriorates upon
                  | taking damage. [Xom's mischief]
 11135 | D:9      | Lost mutation: You are very robust. (+20% HP) [Xom's
                  | mischief]
 11135 | D:9      | Gained mutation: Armour fits poorly on your strangely
                  | shaped body. [Xom's mischief]
 11179 | D:9      | XOM: noise
 11204 | D:9      | Found an iron altar of Okawaru.
 11283 | D:9      | XOM: torment (58/74 hp)
 11296 | D:9      | XOM: 3-stop teleportation journey
 11306 | D:9      | XOM: medium Hex miscast
 11525 | D:9      | Noticed a two-headed ogre
 11542 | D:9      | XOM: summons 5 hostile demons
 11543 | D:9      | Noticed a soul eater
 11556 | D:9      | Killed a two-headed ogre
 11907 | D:9      | XOM: 1-stop teleportation journey
 12001 | D:9      | XOM: stat loss: -1 Int (9/11)
 12013 | D:9      | XOM: harmless Erth miscast
 12059 | D:9      | XOM: 1-stop teleportation journey
 12219 | D:9      | XOM: god gift: scroll of teleportation
 12363 | D:9      | XOM: potion effect (agility)
 12400 | D:9      | XOM: confuse monster(s)
 12403 | D:9      | XOM: swap monsters
 12407 | D:9      | Reached XP level 11. HP: 52/80 MP: 11/11
 12617 | D:9      | Noticed a harpy
 12617 | D:9      | a hog changed into a harpy
 12617 | D:9      | XOM: polymorph hog -> harpy
 12622 | D:9      | XOM: cleaving
 12627 | D:9      | XOM: enchant monster (bad)
 12631 | D:9      | XOM: summons 2 friendly demons
 12636 | D:9      | XOM: chaos cloud
 12648 | D:9      | XOM: confusion
 12661 | D:9      | Banished a harpy
 12677 | D:9      | HP: 4/81 [troll (shapeshifter) (5)]
 12743 | D:8      | XOM: harmless Conj miscast
 12984 | D:9      | Noticed a moth of wrath
 12994 | D:9      | Noticed an orb spider
 12994 | D:9      | a hippogriff changed into an orb spider
 13004 | D:9      | XOM: give mutations
 13004 | D:9      | Lost mutation: Your body sometimes deteriorates upon taking
                  | damage. [Xom's mischief]
 13004 | D:9      | Lost mutation: You are robust. (+10% HP) [Xom's mischief]
 13007 | D:9      | an orb spider changed into a tarantella
 13154 | D:9      | XOM: scenery: create altars
 13441 | D:9      | XOM: god gift: ration
 13688 | D:10     | Entered Level 10 of the Dungeon
 13695 | D:10     | XOM: scenery: create altars
 13735 | D:9      | Reached skill level 10 in Fighting
 13937 | D:10     | XOM: fog
 14212 | D:9      | XOM: divination: detect creatures
 14634 | D:10     | XOM: potion effect (berserk rage)
 14929 | D:10     | XOM: mild Conj miscast
 15081 | D:10     | XOM: blink monster(s)
 15128 | D:10     | Found a staircase to the Lair.
 15317 | D:10     | XOM: 6-stop teleportation journey
 15605 | D:10     | Reached skill level 10 in Armour
 15664 | D:10     | HP: 3/75 [something (5)]
 15666 | D:10     | Slain by a vampire

Levels and vault maps discovered:
D:1:      wheals_arrival_shading, layout_rooms, serial_bayou,
          serial_bayou_shore_a, serial_bayou_pond_c, serial_bayou_ford_a,
          serial_bayou_pond_d, serial_bayou_lake_a, hangedman_decor_opposing
D:2:      layout_loops_corners, zin_academy, first_ration
D:3:      layout_basic, gammafunk_temple_overflow_pools, xom_redecorated,
          uniq_grinder, uniq_crazy_yiuf_cottage
D:4:      layout_rooms, lemuel_doored_altar, enter_ossuary_2
D:5:      layout_layer_cave, gammafunk_temple_overflow_statue, dk_vineyard_3,
          uniq_duvessa
D:6:      layout_basic, minmay_temple_entry_gardened_gates
D:7:      layout_loops_cross, nicolae_ru_awakened_eye, serial_shops, shop
D:8:      minmay_flawed_box, layout_basic, serial_shops, shop
D:9:      layout_layer_cave, hiddenorc1_lemuel, grunt_livestock, okawaru_humans
D:10:     layout_long_grid, dpeg_oklobed_lair
D:11:     layout_rooms

Skill      XL: |  1  2  3  4  5  6  7  8  9 10 11 |
---------------+----------------------------------+-----
Dodging        | 1 2 3 4 5 6 7 |  7.5
Axes           | 3 4 5 6 8 |  8.7
Armour         | 3 4 5 6 7 9 10 | 10.0
Fighting       | 4 5 6 8 9 10 | 10.3

Action                   |  1- 3 |  4- 6 |  7- 9 | 10-12 || total
-------------------------+-------+-------+-------+-------++-------
Melee: Hand axe          |   141 |   165 |   581 |   645 ||  1532
       Bite              |       |       |    35 |    54 ||    89
Evoke: Wand              |       |       |       |    18 ||    18
  Use: Scroll            |       |       |     7 |     8 ||    15
       Potion            |       |       |     4 |    17 ||    21
 Stab: Paralysed         |       |     6 |    11 |    10 ||    27
       Confused          |       |     1 |     4 |     3 ||     8
       Petrifying        |       |       |     2 |     1 ||     3
       Sleeping          |       |       |     1 |       ||     1
       Petrified         |       |       |       |     4 ||     4
  Eat: Chunk             |     2 |     6 |    12 |    14 ||    34
       Ration            |       |       |     2 |     5 ||     7
Armor: Leather armour    |    48 |    56 |   270 |   283 ||   657
       Skin              |       |       |       |    74 ||    74
Dodge: Dodged            |    75 |    98 |   288 |   330 ||   791
Block: Shield            |       |       |   118 |   253 ||   371

Table legend:
 A = Non-vault XP
 B = Vault XP
 C = Vault XP percentage of total XP
 D = Non-vault monster count
 E = Vault monster count
 F = Vault count percentage of total count
                 A         B        C        D         E       F
            +---------+---------+-------+---------+---------+-------
      Total |   11507 |    2600 |  18.4 |     237 |      77 |  24.5
            +---------+---------+-------+---------+---------+-------
        D:1 |      26 |       0 |   0.0 |      15 |       0 |   0.0
        D:2 |      20 |       0 |   0.0 |      11 |       0 |   0.0
        D:3 |     196 |     307 |  61.0 |      22 |       2 |   8.3
        D:4 |     312 |       0 |   0.0 |      12 |       0 |   0.0
        D:5 |     684 |      69 |   9.2 |      23 |       1 |   4.2
        D:6 |    1038 |       0 |   0.0 |      22 |       0 |   0.0
        D:7 |    1126 |       0 |   0.0 |      25 |       0 |   0.0
        D:8 |    1720 |     428 |  19.9 |      35 |      11 |  23.9
        D:9 |    4226 |    1600 |  27.5 |      31 |      23 |  42.6
       D:10 |    2156 |       0 |   0.0 |      40 |       0 |   0.0
       D:11 |       3 |       0 |   0.0 |       1 |       0 |   0.0
    Ossuary |       0 |     196 | 100.0 |       0 |      40 | 100.0
            +---------+---------+-------+---------+---------+-------
